TOP OF THE 1ST |
Fresno Deplorables batting - Pitching for Seattle Pikes : RHP António Rijo
|
Pitching: RHP António Rijo
|
|
Batting: RHB Dani Vázquez
|
0-0: SINGLE (Flyball, 8RS)
|
Batting: LHB Keith Beard
|
0-0: Swinging Strike 0-1: Fly out, F8 (Flyball, 78M)
|
Batting: LHB Jeff Daniels
|
0-0: Ball 1-0: Ball 2-0: Swinging Strike 2-1: Ball 3-1: Foul Ball, location: 2F 3-2: Strikes out swinging Dani Vázquez is caught stealing 2nd base Batter strikes out.
|
Top of the 1st over - 0 run(s), 1 hit(s), 0 error(s), 0 left on base; Fresno 0 - Seattle 0 |
BOTTOM OF THE 1ST |
Seattle Pikes batting - Pitching for Fresno Deplorables : RHP Mang Tow
|
Pitching: RHP Mang Tow
|
|
Batting: LHB Sixto Cortés
|
0-0: Swinging Strike 0-1: Ball 1-1: Foul Ball, location: 2F 1-2: Foul Ball, location: 2F 1-2: Ball 2-2: SINGLE (Groundball, 34D)
|
Batting: RHB Iván Gonzáles
|
0-0: Swinging Strike 0-1: Foul Ball, location: 2F 0-2: Ball 1-2: Foul Ball, location: 2F 1-2: Ball 2-2: Ball 3-2: SINGLE (Flyball, 9LS) Sixto Cortés to second Runner from 2nd tries for 3rd, SAFE, throw made to third Iván Gonzáles to second
|
Batting: RHB Pete Rideout
|
0-0: Ball 1-0: Fly out, F9 (Line Drive, 89M) Runner from 3rd tags up, SCORES, no throw
|
Batting: RHB Roberto Zamora
|
0-0: Ball 1-0: Swinging Strike 1-1: Ball 2-1: Called Strike 2-2: Ball 3-2: Strikes out swinging
|
Batting: RHB Arnold Harmon
|
0-0: SINGLE (Groundball, 6D) Iván Gonzáles to third Runner from 3rd tries for Home, SAFE, no throw
|
Batting: RHB Randy Sheppard
|
0-0: Ball Arnold Harmon steals 2nd base 1-0: Called Strike 1-1: Fly out, F7 (Flyball, 7LMF)
|
Bottom of the 1st over - 2 run(s), 3 hit(s), 0 error(s), 1 left on base; Fresno 0 - Seattle 2 |
TOP OF THE 2ND |
Fresno Deplorables batting - Pitching for Seattle Pikes : RHP António Rijo
|
Batting: RHB Paco Arellano
|
0-0: Called Strike 0-1: SINGLE (Line Drive, 6D)
|
Batting: LHB Paul Mullins
|
0-0: 2-RUN HOME RUN (Flyball, 9LD), Distance : 429 ft
|
Batting: RHB Manolo Román
|
0-0: Ball 1-0: Ball 2-0: SINGLE (Flyball, 8RS)
|
Batting: LHB Tom Blake
|
0-0: Ball 1-0: Foul Ball, location: 2F 1-1: Ball 2-1: Foul Ball, location: 2F 2-2: Foul Ball, location: 2F 2-2: Fly out, F9 (Flyball, 89M)
|
Batting: RHB Aaron Scott
|
0-0: Called Strike 0-1: Ground out 5-3 (Groundball, 56S) Manolo Román to second
|
Batting: RHB Germán Rosales
|
0-0: Ball 1-0: Ball 2-0: Ball 3-0: Base on Balls
|
Batting: RHB Dani Vázquez
|
0-0: Ball 1-0: Fly out, F8 (Flyball, 8RM)
|
Top of the 2nd over - 2 run(s), 3 hit(s), 0 error(s), 2 left on base; Fresno 2 - Seattle 2 |
BOTTOM OF THE 2ND |
Seattle Pikes batting - Pitching for Fresno Deplorables : RHP Mang Tow
|
Batting: LHB Jesús Núńez
|
0-0: Foul Ball, location: 2F 0-1: DOUBLE (Line Drive, 8RD)
|
Batting: RHB Eugene Gill
|
0-0: Ball 1-0: Swinging Strike 1-1: Ground out 3-1 (Groundball, 34S) Jesús Núńez to third
|
Batting: SHB António Hernández
|
0-0: Called Strike 0-1: Ball 1-1: Ball 2-1: Foul Ball, location: 2F 2-2: Ball 3-2: Fly out, F8 (Flyball, 8LS) Runner from 3rd tags up, SCORES, no throw
|
Batting: LHB Sixto Cortés
|
0-0: Ball 1-0: SINGLE (Groundball, 56D)
|
Batting: RHB Iván Gonzáles
|
0-0: Called Strike 0-1: Called Strike 0-2: Strikes out swinging
|
Bottom of the 2nd over - 1 run(s), 2 hit(s), 0 error(s), 1 left on base; Fresno 2 - Seattle 3 |
TOP OF THE 3RD |
Fresno Deplorables batting - Pitching for Seattle Pikes : RHP António Rijo
|
Batting: LHB Keith Beard
|
0-0: Bunt for hit - play at first, batter OUT! 5-3
|
Batting: LHB Jeff Daniels
|
0-0: SOLO HOME RUN (Flyball, 9D), Distance : 382 ft
|
Batting: RHB Paco Arellano
|
0-0: Ball 1-0: Foul Ball, location: 2F 1-1: Foul Ball, location: 2F 1-2: Strikes out swinging
|
Batting: LHB Paul Mullins
|
0-0: Called Strike 0-1: Called Strike 0-2: Foul Ball, location: 2F 0-2: Foul Ball, location: 2F 0-2: SINGLE (Groundball, 34D)
|
Batting: RHB Manolo Román
|
0-0: Called Strike 0-1: Foul Ball, location: 2F 0-2: Foul Ball, location: 2F 0-2: Ball 1-2: Strikes out swinging
|
Top of the 3rd over - 1 run(s), 2 hit(s), 0 error(s), 1 left on base; Fresno 3 - Seattle 3 |
BOTTOM OF THE 3RD |
Seattle Pikes batting - Pitching for Fresno Deplorables : RHP Mang Tow
|
Batting: RHB Pete Rideout
|
0-0: Ball 1-0: Ball 2-0: Swinging Strike 2-1: Ground out 4-3 (Groundball, 4MS)
|
Batting: RHB Roberto Zamora
|
0-0: Called Strike 0-1: Ball 1-1: Swinging Strike 1-2: SINGLE (Popup, 34D)
|
Batting: RHB Arnold Harmon
|
0-0: Ball 1-0: Ball 2-0: Called Strike 2-1: Ball 3-1: Foul Ball, location: 2F 3-2: Strikes out swinging
|
Batting: RHB Randy Sheppard
|
0-0: Foul Ball, location: 2F 0-1: Ball 1-1: Foul Ball, location: 2F 1-2: Ball 2-2: Ball 3-2: Foul Ball, location: 2F 3-2: Fly out, F9 (Flyball, 9S)
|
Bottom of the 3rd over - 0 run(s), 1 hit(s), 0 error(s), 1 left on base; Fresno 3 - Seattle 3 |
TOP OF THE 4TH |
Fresno Deplorables batting - Pitching for Seattle Pikes : RHP António Rijo
|
Batting: LHB Tom Blake
|
0-0: Called Strike 0-1: Ball 1-1: SINGLE (Groundball, 3D)
|
Batting: RHB Aaron Scott
|
0-0: Grounds into double play, 5-4-3 (Groundball, 56)
|
Batting: RHB Germán Rosales
|
0-0: Ball 1-0: Swinging Strike 1-1: Ball 2-1: Foul Ball, location: 2F 2-2: Ball 3-2: Strikes out swinging
|
Top of the 4th over - 0 run(s), 1 hit(s), 0 error(s), 0 left on base; Fresno 3 - Seattle 3 |
BOTTOM OF THE 4TH |
Seattle Pikes batting - Pitching for Fresno Deplorables : RHP Mang Tow
|
Batting: LHB Jesús Núńez
|
0-0: Called Strike 0-1: Ball 1-1: Called Strike 1-2: Fly out, F4 (Line Drive, 4)
|
Batting: RHB Eugene Gill
|
0-0: Ball 1-0: Called Strike 1-1: Ball 2-1: Foul Ball, location: 2F 2-2: Strikes out swinging
|
Batting: SHB António Hernández
|
0-0: Called Strike 0-1: Foul Ball, location: 2F 0-2: Fly out, F7 (Flyball, 78S)
|
Bottom of the 4th over - 0 run(s), 0 hit(s), 0 error(s), 0 left on base; Fresno 3 - Seattle 3 |
TOP OF THE 5TH |
Fresno Deplorables batting - Pitching for Seattle Pikes : RHP António Rijo
|
Pitching: RHP Jesús Mendoza
|
|
Batting: RHB Dani Vázquez
|
0-0: Ball 1-0: Called Strike 1-1: Called Strike 1-2: Ball 2-2: Foul Ball, location: 2F 2-2: Ball 3-2: Foul Ball, location: 2F 3-2: Foul Ball, location: 2F 3-2: Foul Ball, location: 2F 3-2: Base on Balls
|
Batting: LHB Keith Beard
|
0-0: DOUBLE (Line Drive, 89D) Dani Vázquez to third
|
Batting: LHB Jeff Daniels
|
0-0: Ball 1-0: Foul Ball, location: 2F 1-1: Ball 2-1: Ball 3-1: Base on Balls
|
Batting: RHB Paco Arellano
|
0-0: Ball 1-0: Swinging Strike 1-1: Foul Ball, location: 2F 1-2: Strikes out swinging
|
Batting: LHB Paul Mullins
|
0-0: Swinging Strike 0-1: Foul Ball, location: 2F 0-2: Strikes out looking
|
Batting: RHB Manolo Román
|
0-0: Swinging Strike 0-1: Foul Ball, location: 2F 0-2: Ball 1-2: Ball 2-2: Foul Ball, location: 2F 2-2: Foul Ball, location: 2F 2-2: Ball 3-2: Strikes out swinging
|
Top of the 5th over - 0 run(s), 1 hit(s), 0 error(s), 3 left on base; Fresno 3 - Seattle 3 |
BOTTOM OF THE 5TH |
Seattle Pikes batting - Pitching for Fresno Deplorables : RHP Mang Tow
|
Pitching: RHP Ron Biller
|
|
Batting: LHB Sixto Cortés
|
0-0: Ball 1-0: Ball 2-0: Called Strike 2-1: Ball 3-1: Swinging Strike 3-2: Strikes out swinging
|
Batting: RHB Iván Gonzáles
|
0-0: Ball 1-0: Ball 2-0: SOLO HOME RUN (Flyball, 9LD), Distance : 365 ft
|
Batting: RHB Pete Rideout
|
0-0: Ball 1-0: Ground out 5-3 (Groundball, 56)
|
Batting: RHB Roberto Zamora
|
0-0: Called Strike 0-1: Foul Ball, location: 2F 0-2: Ball 1-2: Ball 2-2: Strikes out swinging
|
Bottom of the 5th over - 1 run(s), 1 hit(s), 0 error(s), 0 left on base; Fresno 3 - Seattle 4 |
TOP OF THE 6TH |
Fresno Deplorables batting - Pitching for Seattle Pikes : RHP Jesús Mendoza
|
Batting: LHB Tom Blake
|
0-0: Called Strike 0-1: Ball 1-1: Ball 2-1: Fly out, F7 (Flyball, 7LSF)
|
Batting: RHB Aaron Scott
|
0-0: Foul Ball, location: 2F 0-1: Ball 1-1: Ball 2-1: Ball 3-1: Foul Ball, location: 2F 3-2: Fly out, F9 (Flyball, 89M)
|
Batting: RHB Germán Rosales
|
0-0: SINGLE (Groundball, 3D)
|
Pinch Hitting: LHB Jeff Doss
|
0-0: Called Strike 0-1: Ball 1-1: Foul Ball, location: 2F 1-2: Foul Ball, location: 2F 1-2: Foul Ball, location: 2F 1-2: Foul Ball, location: 2F 1-2: Ball 2-2: Foul Ball, location: 2F 2-2: Fly out, F8 (Line Drive, 8LXD)
|
Top of the 6th over - 0 run(s), 1 hit(s), 0 error(s), 1 left on base; Fresno 3 - Seattle 4 |
BOTTOM OF THE 6TH |
Seattle Pikes batting - Pitching for Fresno Deplorables : RHP Ron Biller
|
Now at SS: Jeff Doss
|
|
Batting: RHB Arnold Harmon
|
0-0: Foul Ball, location: 2F 0-1: Reached on error, E6 (Groundball, 6)
|
Batting: RHB Randy Sheppard
|
0-0: Called Strike 0-1: Ball Arnold Harmon is caught stealing 2nd base 1-1: Bunt for hit - play at first, batter OUT! 1-3
|
Batting: LHB Jesús Núńez
|
0-0: Called Strike 0-1: Ball 1-1: Ball 2-1: Ball 3-1: Swinging Strike 3-2: Foul Ball, location: 2F 3-2: Foul Ball, location: 2F 3-2: DOUBLE (Groundball, 3L)
|
Batting: RHB Eugene Gill
|
0-0: Ball 1-0: Ball 2-0: Foul Ball, location: 2F 2-1: Fly out, F5 (Popup, 5L)
|
Bottom of the 6th over - 0 run(s), 1 hit(s), 1 error(s), 1 left on base; Fresno 3 - Seattle 4 |
TOP OF THE 7TH |
Fresno Deplorables batting - Pitching for Seattle Pikes : RHP Jesús Mendoza
|
Pitching: LHP Jerry Beck
|
|
Pinch Hitting: RHB Rob Bailey
|
0-0: Ball 1-0: Ball 2-0: Called Strike 2-1: Ground out 4-3 (Groundball, 4)
|
Pitching: RHP Francisco Carrasco
|
|
Batting: LHB John Cotton
|
0-0: Foul Ball, location: 2F 0-1: Foul Ball, location: 2F 0-2: Ball 1-2: Ground out 3-1 (Groundball, 34S)
|
Pinch Hitting: LHB Howard Holder
|
0-0: Ground out U3 (Groundball, 34)
|
Top of the 7th over - 0 run(s), 0 hit(s), 0 error(s), 0 left on base; Fresno 3 - Seattle 4 |
BOTTOM OF THE 7TH |
Seattle Pikes batting - Pitching for Fresno Deplorables : RHP Ron Biller
|
Now in LF: David Kerr
|
|
Now in CF: Rob Bailey
|
|
Batting: SHB António Hernández
|
0-0: Fly out, F2 (Popup, 3S)
|
Pitching: LHP Juan Ortíz
|
|
Batting: LHB Sixto Cortés
|
0-0: Swinging Strike 0-1: Ground out 4-3 (Groundball, 4S)
|
Pitching: RHP Butch Ramey
|
|
Pinch Hitting: RHB Tae-kwon Kwon
|
0-0: Called Strike 0-1: Ground out 6-3 (Groundball, 6)
|
Bottom of the 7th over - 0 run(s), 0 hit(s), 0 error(s), 0 left on base; Fresno 3 - Seattle 4 |
TOP OF THE 8TH |
Fresno Deplorables batting - Pitching for Seattle Pikes : RHP Francisco Carrasco
|
Now at 1B: Alberto Pérez
|
|
Pinch Hitting: RHB Peter Hensley
|
0-0: Fly out, F9 (Line Drive, 9)
|
Pinch Hitting: SHB Tony Yan
|
0-0: Ball 1-0: Ball 2-0: Fly out, F6 (Popup, 6MD)
|
Pinch Hitting: LHB Hamilton Hughes
|
0-0: Ball 1-0: Swinging Strike 1-1: Ball 2-1: Ball 3-1: Foul Ball, location: 2F 3-2: Foul Ball, location: 2F 3-2: Base on Balls
|
Pinch Runner at 1st Joel Nelson:
|
|
Pinch Hitting: RHB Teddy Bates
|
0-0: Ball 1-0: Ball 2-0: Called Strike 2-1: Foul Ball, location: 2F 2-2: Ball 3-2: Foul Ball, location: 2F 3-2: Foul Ball, location: 2F 3-2: Foul Ball, location: 2F 3-2: Base on Balls Joel Nelson to second
|
Batting: RHB Germán Rosales
|
0-0: Called Strike 0-1: DOUBLE (Line Drive, 7LM) Joel Nelson scores Teddy Bates to third Runner from 3rd tries for Home, SAFE, throw made home
|
Pitching: LHP Manny Sandoval
|
|
Batting: LHB Jeff Doss
|
0-0: Ball 1-0: Ball 2-0: Ball 3-0: Called Strike 3-1: Called Strike 3-2: Base on Balls
|
Batting: RHB Rob Bailey
|
0-0: Ball 1-0: Ball 2-0: Called Strike 2-1: SINGLE (Line Drive, 34) Germán Rosales to third Jeff Doss to second
|
Batting: LHB John Cotton
|
0-0: Ball 1-0: Foul Ball, location: 2F 1-1: Called Strike 1-2: Strikes out swinging
|
Top of the 8th over - 2 run(s), 2 hit(s), 0 error(s), 3 left on base; Fresno 5 - Seattle 4 |
BOTTOM OF THE 8TH |
Seattle Pikes batting - Pitching for Fresno Deplorables : RHP Butch Ramey
|
Now at 1B: Clinton O'Brien
|
|
Now at 2B: Alonso Contreras
|
|
Now in LF: Peter Hensley
|
|
Now in RF: Joel Nelson
|
|
Pinch Hitting: LHB Richard Hunter
|
0-0: Ball 1-0: Ball 2-0: SOLO HOME RUN (Flyball, 89XD), Distance : 426 ft
|
Pinch Hitting: RHB António Ortega
|
0-0: Called Strike 0-1: Swinging Strike 0-2: SINGLE (Line Drive, 56)
|
Pitching: LHP Valentín Reséndez
|
|
Pinch Runner at 1st Henning Huisman:
|
|
Pinch Hitting: RHB Manuel Rico
|
0-0: Ball 1-0: Called Strike 1-1: Fielders Choice at 2nd, 6-4 (Groundball, 6)
|
Pinch Hitting: RHB Wallace Greene
|
0-0: Called Strike 0-1: Swinging Strike 0-2: Ball 1-2: Ball 2-2: Fly out, F9 (Flyball, 9S)
|
Pinch Hitting: RHB Murai Ishihara
|
0-0: Called Strike 0-1: Foul Ball, location: 2F 0-2: SINGLE (Groundball, 6M) (infield hit) Manuel Rico to second
|
Pinch Runner at 1st Robert Johnson:
|
|
Pinch Hitting: RHB Hamilton Holbrook
|
0-0: Ball 1-0: Foul Ball, location: 2F 1-1: Called Strike 1-2: Strikes out looking
|
Bottom of the 8th over - 1 run(s), 3 hit(s), 0 error(s), 2 left on base; Fresno 5 - Seattle 5 |
TOP OF THE 9TH |
Fresno Deplorables batting - Pitching for Seattle Pikes : LHP Manny Sandoval
|
Pitching: RHP Tony Henderson
|
|
Now at 1B: Hamilton Holbrook
|
|
Now at 3B: Don Soper
|
|
Now at SS: Keith Tillman
|
|
Now in LF: Henning Huisman
|
|
Now in CF: Manuel Rico
|
|
Now in RF: Richard Hunter
|
|
Batting: RHB David Kerr
|
0-0: Ball 1-0: SINGLE (Groundball, 6MD)
|
Batting: RHB Peter Hensley
|
0-0: Ground out 5-3 (Groundball, 56S) David Kerr to second
|
Batting: LHB Alonso Contreras
|
0-0: SINGLE (Line Drive, 4MD) David Kerr to third Runner from 3rd tries for Home, SAFE, no throw
|
Batting: LHB Joel Nelson
|
0-0: Ball 1-0: Called Strike 1-1: Fly out, F8 (Flyball, 8LS)
|
Batting: LHB Clinton O'Brien
|
0-0: Ball 1-0: Ball 2-0: Fly out, F7 (Flyball, 7LSF)
|
Top of the 9th over - 1 run(s), 2 hit(s), 0 error(s), 1 left on base; Fresno 6 - Seattle 5 |
BOTTOM OF THE 9TH |
Seattle Pikes batting - Pitching for Fresno Deplorables : LHP Valentín Reséndez
|
Pitching: LHP Allan Bader
|
|
Batting: RHB Claudio Souza
|
0-0: Ball 1-0: Ground out 1-3 (Groundball, 15S)
|
Batting: LHB Sixto Cortés
|
0-0: Called Strike 0-1: Ball 1-1: Ball 2-1: Foul Ball, location: 2F 2-2: Strikes out swinging
|
Batting: RHB Alberto Pérez
|
0-0: Ball 1-0: Fly out, F9 (Line Drive, 9)
|
Bottom of the 9th over - 0 run(s), 0 hit(s), 0 error(s), 0 left on base; Fresno 6 - Seattle 5 |
|